 Dungeon Crawl Stone Soup version 0.32-a0-132-g2d33c3cfaf (webtiles) character file.

Game seed: 7153442094865203987

63 Newt the Cutter (level 3, -1/28 HPs)
             Began as a Demonspawn Gladiator on Feb 9, 2024.
             Slain by a gnoll
             ... wielding a +0 halberd
              (12 damage)
             ... on level 3 of the Dungeon.
             The game lasted 00:01:23 (1191 turns).

Newt the Cutter (Demonspawn Gladiator)              Turns: 1191, Time: 00:01:24

Health: -1/28      AC:  4    Str: 14    XL:     3   Next: 89%
Magic:  3/3        EV: 12    Int:  8    God:
Gold:   116        SH:  0    Dex: 16    Spells: 2/2 levels left

rFire   + . .        a - +0 rapier
rCold   x . .        (no shield)
rNeg    . . .        b - +0 leather armour
rPois   .            (helmet restricted)
rElec   .            (no cloak)
rCorr   .            h - +0 pair of gloves
SInv    .            (no boots)
Will    .....        (no amulet)
Stlth   +            l - ring of fire
HPRegen 0.24/turn    n - ring of flight
MPRegen 0.08/turn

%: no passive effects
@: flying
A: hooves 1, horns 1
a: no special abilities


You were on level 3 of the Dungeon.
You visited 1 branch of the dungeon, and saw 3 of its levels.

You collected 116 gold pieces.

Inventory:

Hand Weapons
 a - a +0 rapier (weapon)
Missiles
 d - a throwing net (quivered)
 e - a javelin
Armour
 b - a +0 leather armour (worn)
 c - a +0 helmet
 h - a +0 pair of gloves (worn)
Jewellery
 l - a ring of fire (left hand)
 n - a ring of flight (right hand)
Scrolls
 f - a scroll of teleportation
 g - 2 scrolls of fog
 i - a scroll of revelation
 k - a scroll of brand weapon {unknown}
Potions
 j - 2 potions of curing {unknown}
 m - a potion of resistance {unknown}
 o - a potion of magic {unknown}
 p - 2 potions of lignification {unknown}


   Skills:
 + Level 2.9 Fighting
 * Level 3.9 Short Blades
 - Level 1.7 Throwing
 - Level 2.6 Dodging


You had 2 spell levels left.
You didn't know any spells.
Your spell library was empty.

Dungeon Overview and Level Annotations

Branches:
Dungeon (3/15)

Altars:
Nemelex Xobeh


Innate Abilities, Weirdness & Mutations

You have large cloven feet.
You have a pair of small horns on your head.


Message History

The gnoll shouts!
The giant cockroach barely misses you. The frilled lizard closely misses you.
You barely miss the frilled lizard. Your kick misses the frilled lizard.
You headbutt the frilled lizard.
You kill the frilled lizard!
The giant cockroach bites you but does no damage.
You barely miss the giant cockroach. You kick the giant cockroach.
The giant cockroach is heavily wounded.
The giant cockroach barely misses you. The giant cockroach closely misses you.
Unknown command.
The giant cockroach attacks as it pursues you!
The giant cockroach barely misses you.
You hit the giant cockroach. Your kick misses the giant cockroach.
The giant cockroach is severely wounded.
The giant cockroach bites you but does no damage.
The giant cockroach attacks as it pursues you!
The giant cockroach bites you but does no damage.
You hit the giant cockroach but do no damage.
The giant cockroach is severely wounded.
The giant cockroach bites you but does no damage.
The giant cockroach waves its antennae.
The giant cockroach bites you but does no damage.
You hit the giant cockroach but do no damage.
You kick the giant cockroach.
You kill the giant cockroach!
Throw: 2 throwing nets
Press: ? - help, Q - select action, (/) - cycle Shift-Dir - straight line, f - gnoll
Aim: a gnoll, wielding a +0 mace (61% to hit)
You throw a throwing net. The throwing net hits the gnoll.
The gnoll is caught in the net!
The gnoll struggles against the net.
The gnoll hits you from afar with a +0 halberd!
You puncture the gnoll! You headbutt the gnoll.
The gnoll is severely wounded.
The gnoll struggles against the net.
The gnoll hits you from afar with a +0 halberd!
You puncture the gnoll!
You kill the gnoll!
The gnoll hits you from afar with a +0 halberd!
You die...

..... ...#.#
# ...... #.#
..)...# ..#
....... #.##
........####
...##.
#...g.g.#
.....
..>....##)#
#..# .####..
#@######
#..# ..(.
#......#
...# .⌠.##
#......#
##.# .._.^
#......#
...# .⌠.⌠
##....)#
##.## ....
#.....#
#.#.##
#.#####
.###.# #.#
#.#.## #.#


You could see a gnoll.

Vanquished Creatures
  A gnoll (D:3)
  2 adders (D:2)
  3 dart slugs (D:1)
  2 ribbon worms
  A ball python (D:2)
  3 endoplasms (D:2)
  3 giant cockroaches
  2 hobgoblins
  A quokka (D:2)
  4 bats
  5 frilled lizards
  4 goblins
  2 kobolds
  5 rats
38 creatures vanquished.

Notes
Turn   | Place    | Note
-------+----------+-------------------------------------------
     0 | D:1      | Newt the Demonspawn Gladiator began the quest for the Orb.
     0 | D:1      | Reached XP level 1. HP: 16/16 MP: 1/1
   134 | D:1      | Reached skill level 3 in Short Blades
   150 | D:1      | Discovered your monstrous ancestry.
   150 | D:1      | Gained mutation: You have a pair of small horns on your
                  | head. [demonic ancestry]
   150 | D:1      | Reached XP level 2. HP: 18/22 MP: 2/2
   648 | D:2      | Gained mutation: You have large cloven feet. [demonic
                  | ancestry]
   648 | D:2      | Reached XP level 3. HP: 7/28 MP: 3/3
  1179 | D:3      | Found a sparkling altar of Nemelex Xobeh.
  1191 | D:3      | Slain by a gnoll

Illustrated notes

Levels and vault maps discovered:
D:1:      lightli_arrival_quake, layout_basic, minmay_misc_feat_x
D:2:      layout_rooms, chequers_serial_rivers_micro_c
D:3:      layout_loops_cross, cheibriados_altar_1,
          nemelex_xobeh_ov_fountains_minmay

Skill      XL: |  1 |
---------------+----+-----
Short Blades   | 3 |  3.9
Fighting       | |  2.9
Throwing       | |  1.7
Dodging        | |  2.6

Action                     || total
---------------------------++-------
  Melee: Rapier            ||    94
         Punch             ||     2
         Headbutt          ||     7
         Kick              ||    13
  Throw: Throwing net      ||     3
    Use: Scroll            ||     3
   Stab: Sleeping          ||     1
 Armour: Leather armour    ||    52
  Dodge: Dodged            ||    55

Table legend: (Time is in decaauts)
 A = Elapsed time spent in this place.
 B = Non-inter-level travel time spent in this place.
 C = Inter-level travel time spent in this place.
 D = Time resting spent in this place.
 E = Time spent auto-exploring this place.
 F = Levels seen in this place.
 G = Mean time per level.
                   A        B        C        D        E       F      G
               +--------+--------+--------+--------+--------+-----+--------+
         Total |   1191 |   1134 |     57 |     55 |    824 |   3 |  397.0 |
       Dungeon |   1191 |   1134 |     57 |     55 |    824 |   3 |  397.0 |
               +--------+--------+--------+--------+--------+-----+--------+

Top non-repeatable levels by time:
     D:1: 631 daAuts
     D:2: 431 daAuts
     D:3: 128 daAuts
